 Dungeon Crawl Stone Soup version 0.30.0-29-ga12c61a403 (webtiles) character file.

Game seed: 13222122608249423495

2 leafyfresh the Covert (level 1, 0/23 HPs)
             Began as a Gnoll Delver on June 16, 2023.
             Was an Initiate of Ashenzari.
             Slain by an orc priest
             ... wielding a +0 short sword
              (4 damage)
             ... on level 5 of the Dungeon.
             The game lasted 00:00:46 (123 turns).

leafyfresh the Covert (Gnoll Delver)                 Turns: 123, Time: 00:00:47

Health: 0/23       AC:  3    Str: 11    XL:     1   Next: 30%
Magic:  1/1        EV: 13    Int:  9    God:    Ashenzari [......]
Gold:   15         SH:  0    Dex: 13    Spells: 0/0 levels left

rFire   . . .        a - +0 short sword
rCold   . . .        (no shield)
rNeg    . . .        b - +0 leather armour
rPois   .            (no helmet)
rElec   .            (no cloak)
rCorr   .            (no gloves)
SInv    .            (no boots)
Will    .....        (no amulet)
Stlth   ++++         (no ring)
HPRegen 0.23/turn    (no ring)
MPRegen 0.07/turn

%: no passive effects
@: no status effects
A: fangs 1, strong nose, distributed training
a: Renounce Religion


You were on level 5 of the Dungeon.
You worshipped Ashenzari.
Ashenzari was noncommittal.
You visited 2 branches of the dungeon, and saw 2 of its levels.

You collected 15 gold pieces.

Inventory:

Hand Weapons
 a - a +0 short sword (weapon)
Armour
 b - a +0 leather armour (worn)
Wands
 g - a wand of digging (3)
Scrolls
 c - a scroll of fog
 d - a scroll of magic mapping
 h - a scroll of enchant weapon {unknown}
Potions
 f - a potion of haste
 i - a potion of magic {unknown}


   Skills:
 + Level 6.4 Fighting
 + Level 4.4 Short Blades
 + Level 0.0 Long Blades
 + Level 0.0 Axes
 + Level 0.0 Maces & Flails
 + Level 0.0 Polearms
 + Level 0.0 Staves
 + Level 0.0 Ranged Weapons
 + Level 0.0 Throwing
 + Level 0.0 Armour
 + Level 4.4 Dodging
 + Level 9.5 Stealth
 + Level 0.0 Shields
 + Level 0.0 Unarmed Combat
 + Level 0.0 Spellcasting
 + Level 0.0 Conjurations
 + Level 0.0 Hexes
 + Level 0.0 Summonings
 + Level 0.0 Necromancy
 + Level 0.0 Translocations
 + Level 0.0 Transmutations
 + Level 0.0 Fire Magic
 + Level 0.0 Ice Magic
 + Level 0.0 Air Magic
 + Level 0.0 Earth Magic
 + Level 0.0 Poison Magic
 + Level 0.1 Invocations
 + Level 0.0 Evocations


You couldn't memorise any spells.
You didn't know any spells.
Your spell library was empty.

Dungeon Overview and Level Annotations

Branches:
Dungeon (5/15)             Temple (1/1) D:5

Altars:
Ashenzari
Cheibriados
Dithmenos
Nemelex Xobeh
Okawaru
Sif Muna
Trog
Uskayaw
The Shining One

Annotations:
D:5 Eustachio


Innate Abilities, Weirdness & Mutations

You have very sharp teeth.
Your uncanny sense of smell can sniff out nearby items.
Your experience applies equally to all skills.


Message History

There are monsters nearby!
The hound barks!
The hound attacks as you move away! The hound closely misses you.
The hound closely misses you. The hound attacks as you move away!
The hound barely misses you.
You open the door. The hound misses you. The hound bites you.
As you read the scroll of fear, it crumbles to dust.
You assume a fearsome visage.
The hound looks frightened!
The scorpion looks frightened!
There is an open door here.
You close the door.
You start resting.
HP restored.
An orc priest and an orc come into view.
An orc comes into view. It is wielding a +0 club.
The orc priest shouts!
The orc shouts! x2; You hear a shout!
You closely miss the orc. Your bite misses the orc.
The orc hits you but does no damage.
An orc wizard comes into view. It is wielding a +0 dagger.
You hit the orc.
The orc is severely wounded.
The orc barely misses you.
You hit the orc.
You kill the orc!
The orc priest invokes the aid of Beogh against you.
Beogh smites you!
Ouch! That really hurt!
Things that are here:
a +0 whip; an orc corpse You hit the orc priest.
The orc priest is moderately wounded.
The orc priest hits you with a +0 short sword.
You barely miss the orc priest.
The orc priest is moderately wounded.
The orc priest hits you with a +0 short sword.
* * * LOW HITPOINT WARNING * * *
You hit the orc priest.
The orc priest is moderately wounded.
The orc priest hits you with a +0 short sword.
You die...

#.# #.#
#.# #.#
#.# #.#
#.#
#.#####.#
#.ooo@..#
#######.#
###


You could see an orc priest, an orc wizard and an orc.

Vanquished Creatures
  An orc (D:5)
1 creature vanquished.

Notes
Turn   | Place    | Note
-------+----------+-------------------------------------------
     0 | D:5      | Reached skill level 9 in Stealth
     0 | D:5      | leafyfresh the Gnoll Delver began the quest for the Orb.
     0 | D:5      | Reached XP level 1. HP: 23/23 MP: 1/1
     1 | D:5      | Noticed Eustachio
    22 | D:5      | Found a staircase to the Ecumenical Temple.
    31 | Temple   | Entered the Ecumenical Temple
    54 | Temple   | Became a worshipper of Ashenzari the Shackled
    87 | D:5      | Noticed a hound
    87 | D:5      | Noticed a scorpion
   115 | D:5      | Noticed an orc priest
   117 | D:5      | Noticed an orc wizard
   123 | D:5      | Slain by an orc priest

Illustrated notes

Levels and vault maps discovered:
D:5:      layout_basic, minmay_temple_entry_nine_rooms, uniq_eustachio
Temple:   nicolae_temple_bog_church

Skill      XL: | |
---------------+-+-----
Stealth        | |  9.5
Fighting       | |  6.4
Short Blades   | |  4.4
Dodging        | |  4.4
Invocations    | |  0.1

Action                     || total
---------------------------++-------
  Melee: Short sword       ||     6
    Use: Scroll            ||     1
 Armour: Leather armour    ||     1
  Dodge: Dodged            ||     5
